 Dungeon Crawl Stone Soup version 0.30-a0-800-g7c544603b3 (webtiles) character file.

Game seed: 14261136686885053265

3570 Pimp the Destroyer (level 10, -7/60 HPs)
             Began as a Tengu Reaver on Feb 21, 2023.
             Was a Believer of Okawaru.
             Killed by miscasting Flame Wave (10 damage)
             ... on level 8 of the Dungeon.
             The game lasted 00:31:23 (7258 turns).

Pimp the Destroyer (Tengu Reaver)                   Turns: 7258, Time: 00:31:24

Health: -7/60      AC:  9    Str: 19    XL:     10   Next: 9%
Magic:  13/19      EV: 16    Int: 20    God:    Okawaru [**....]
Gold:   464        SH: 12    Dex: 16    Spells: 8/19 levels left

rFire   . . .      SeeInvis .    t - +2 trident (protect)
rCold   . . .      Faith    .    w - +0 kite shield
rNeg    . . .      Spirit   .    f - +4 robe of Augmentation {Str+4 Int+4 Dex+4}
rPois   .          Reflect  +    (helmet restricted)
rElec   .          Harm     .    i - +2 cloak
rCorr   .          Rampage  .    (no gloves)
Will    .....                    (boots unavailable)
Stlth   +                        j - amulet of reflection
HPRegen 0.30/turn                (no ring)
MPRegen 0.16/turn                (no ring)

@: lethally poisoned (-7 -> -11), immotile, flying quickly and evasively, very
slightly contaminated, slowed, studying Dodging, very slow
A: beak, talons 3, nimble flight
a: Renounce Religion, Heroism


You were on level 8 of the Dungeon.
You worshipped Okawaru.
Okawaru was pleased with you.
You visited 2 branches of the dungeon, and saw 9 of its levels.

You collected 464 gold pieces.

Inventory:

Hand Weapons
 a - a +0 spear
 e - a +3 dagger of venom
 m - a +0 long sword
 t - a +2 trident of protection (weapon)
Missiles
 r - 3 atropa-tipped darts
Armour
 b - a +0 leather armour
 f - the +4 robe of Augmentation (worn) {Str+4 Int+4 Dex+4}
   (You found it on level 3 of the Dungeon)

   Str:       It affects your strength (+4).
   Int:       It affects your intelligence (+4).
   Dex:       It affects your dexterity (+4).
 i - a +2 cloak (worn)
 n - a +0 scale mail
 s - a +0 ring mail
 w - a +0 kite shield (worn)
Jewellery
 j - an amulet of reflection (around neck)
Wands
 l - a wand of charming (11)
 o - a wand of mindburst (1) (quivered)
Scrolls
 c - a scroll of identify
 k - 2 scrolls of amnesia
 u - a scroll of immolation
 x - a scroll of magic mapping
Potions
 d - 2 potions of degeneration
 g - 2 potions of curing
 h - a potion of attraction
 q - a potion of ambrosia


   Skills:
 + Level 5.9 Fighting
 - Level 3.9 Short Blades
 + Level 5.4 Polearms
 + Level 5.8 Armour
 + Level 7.7 Dodging
 + Level 5.4 Spellcasting
 + Level 8.4 Conjurations
 + Level 3.8 Fire Magic


You had 8 spell levels left.
You knew the following spells:

 Your Spells              Type           Power      Damage    Failure   Level
a - Kiss of Death         Conj/Necr      88%        2d12      8%          1
b - Momentum Strike       Conj/Tloc      44%        3d9       11%         2
c - Slow                  Hex            20%        N/A       38%         1
d - Hailstorm             Conj/Ice       22%        3d7       22%         3
e - Flame Wave            Conj/Fire      29%        2d9       32%         4

Your spell library contained the following spells:

 Spells                   Type           Power      Damage    Failure   Level
 Sticky Flame             Conj/Fire      29%        2d5       32%         4
 Inner Flame              Hex/Fire       13%        N/A       50%         3
 Blink                    Tloc           10%        N/A       52%         2
 Confusing Touch          Hex            5%         N/A       77%         3
 Vampiric Draining        Necr           5%         2d6       77%         3
 Manifold Assault         Tloc           5%         N/A       99%         4
 Storm Form               Tmut/Air       2%         N/A       100%        7


Dungeon Overview and Level Annotations

Branches:
Dungeon (8/15)             Temple (1/1) D:6
   Lair: D:8-11

Altars:
Ashenzari
Cheibriados
Dithmenos
Elyvilon
Gozag
Hepliaklqana
Kikubaaqudgha
Nemelex Xobeh
Okawaru
Ru
Trog
Uskayaw
Xom
Zin
The Shining One

Shops:
D:6 [


Innate Abilities, Weirdness & Mutations

You have a beak for a mouth.
You have claws for feet.
Your magical nature lets you fly swiftly and evasively.


Message History

You feel yourself slow down. The hornet attacks as you move away!
The hornet stings you!
You suddenly lose the ability to move!
You feel very sick. The hornet stings you!
* * * LOW HITPOINT WARNING * * *
You feel as though you will be slow longer.
You can move again.
As you read the scroll labelled BUJAHIA SO RES, it crumbles to dust.
Nothing appears to happen.
It was a scroll of butterflies.
* * * LOW HITPOINT WARNING * * *
You feel very sick.
The hornet misses you. x2; You block the hornet's attack.
Casting: Momentum Strike (safe; 11% risk of failure)
Confirm with . or Enter, or press ? or * to list all spells.
Aiming: Momentum Strike (safe; 11% risk of failure)
Press: ? - help, Dir - move target, f - hornet
Aim: a hornet (black smoke, lightly wounded, 57% to hit)
The concentrated momentum hits the hornet!
The hornet is moderately wounded.
You are unable to move.
* * * LOW HITPOINT WARNING * * *
You feel sick. The hornet closely misses you. You block the hornet's attack.
Casting: Momentum Strike (safe; 11% risk of failure)
Confirm with . or Enter, or press ? or * to list all spells.
You cannot redirect your momentum while unable to move.
Unknown command.
Casting: Momentum Strike (safe; 11% risk of failure)
Confirm with . or Enter, or press ? or * to list all spells.
You cannot redirect your momentum while unable to move.
Unknown command.
Casting: Momentum Strike (safe; 11% risk of failure)
Confirm with . or Enter, or press ? or * to list all spells.
The spell is quite dangerous to miscast (32% risk of failure)!
Continue anyway?
Casting: Flame Wave (quite dangerous; 32% risk of failure)
Press: ? - help, Dir - look around, f - activate You miscast Flame Wave.
You are very lightly contaminated with residual magic.
Sparks fly from your hands!
You die...

#......# ##......
#......# ##o.....
+......# #.......
#......# #.......
##+#......# .#.......
#..#......# .##..##+#
#..#.#.#..+..##..##.#
#..§#§§§#)#..#.......
+.§#@#§#.##..#.......
#..y§§§§§....#.......
#..#§#.#.#...#.......
#..##§§§#.#..##.....#
#..#.#.#..#..##.....#
#..#......#.........#
#..#......'..>.[.....
#..#......#..##......
#..#......#..##......


You could see a hornet.

Vanquished Creatures
  Pikel (D:8)
  A hornet (D:8)
  A shadow (D:7)
  Menkaure (D:6)
  Duvessa (D:5)
  An orc warrior (D:8)
  A sky beast (D:7)
  An ice beast (D:7)
  A black bear (D:4)
  An ogre (D:5)
  A phantom (D:6)
  A centaur (D:6)
  A bullfrog (D:7)
  A necrophage (D:7)
  5 scorpions
  3 wights (D:8)
  Dowan (D:5)
  5 killer bees (D:5)
  A hound (D:5)
  5 jellies
  8 orc priests
  8 orc wizards
  Terence (D:3)
  4 iguanas
  Natasha (twice) (D:3)
  4 gnolls (D:6)
  14 adders
  2 white imps
  2 ufetubi (D:5)
  2 worms
  2 dart slugs (D:4)
  39 orcs
  7 endoplasms
  5 giant cockroaches
  6 goblins
  5 hobgoblins
  2 jackals (D:2)
  A quokka (D:4)
  3 ball pythons
  5 bats
  3 frilled lizards
  4 kobolds
  5 rats
168 creatures vanquished.

Notes
Turn   | Place    | Note
-------+----------+-------------------------------------------
     0 | D:1      | Pimp the Tengu Reaver began the quest for the Orb.
     0 | D:1      | Reached XP level 1. HP: 12/12 MP: 4/4
   202 | D:1      | Reached XP level 2. HP: 17/17 MP: 6/6
   952 | D:2      | Learned a level 2 spell: Momentum Strike
   954 | D:2      | Learned a level 1 spell: Slow
   993 | D:2      | Reached XP level 3. HP: 20/21 MP: 7/7
  1118 | D:2      | Reached XP level 4. HP: 27/27 MP: 8/8
  1279 | D:3      | Found the +4 robe of Augmentation {Str+4 Int+4 Dex+4}
  1320 | D:3      | Learned a level 3 spell: Hailstorm
  1378 | D:3      | Reached skill level 1 in Armour
  1498 | D:3      | Reached skill level 1 in Short Blades
  1499 | D:3      | Noticed Natasha
  1527 | D:3      | Killed Natasha
  1528 | D:3      | Gained mutation: Your magical nature lets you fly swiftly
                  | and evasively. [Tengu growth]
  1528 | D:3      | Reached XP level 5. HP: 20/32 MP: 6/9
  1613 | D:3      | Reached skill level 5 in Conjurations
  1673 | D:3      | Reached XP level 6. HP: 37/37 MP: 11/11
  1787 | D:3      | Found a shimmering altar of Xom.
  1788 | D:3      | Found a white marble altar of Elyvilon.
  1963 | D:3      | Noticed Natasha
  1969 | D:3      | Killed Natasha
  2192 | D:3      | Noticed Terence
  2211 | D:3      | Killed Terence
  2340 | D:4      | Noticed a black bear
  2349 | D:4      | Killed a black bear
  2350 | D:4      | Reached XP level 7. HP: 41/41 MP: 12/12
  3190 | D:5      | Entered Level 5 of the Dungeon
  3190 | D:5      | Noticed Duvessa
  3190 | D:5      | Noticed Dowan
  3267 | D:5      | Killed Dowan
  3268 | D:5      | Reached skill level 6 in Conjurations
  3299 | D:5      | Killed Duvessa
  3449 | D:5      | Reached XP level 8. HP: 33/48 MP: 14/14
  3605 | D:4      | HP: 2/48 [poisoned by a killer bee]
  4493 | D:5      | Learned a level 4 spell: Flame Wave
  4640 | D:6      | Reached skill level 5 in Dodging
  4682 | D:6      | Reached skill level 1 in Fire Magic
  4713 | D:6      | Reached skill level 7 in Conjurations
  4875 | D:6      | Found Sankent's Armour Shop.
  5036 | D:6      | Found a staircase to the Ecumenical Temple.
  5059 | D:6      | Reached skill level 5 in Fighting
  5059 | D:6      | Reached XP level 9. HP: 46/54 MP: 16/16
  5077 | Temple   | Entered the Ecumenical Temple
  5150 | Temple   | Became a worshipper of Warmaster Okawaru
  5336 | D:6      | Noticed Menkaure
  5366 | D:6      | Killed Menkaure
  5737 | D:7      | Found a bloodstained altar of Trog.
  5819 | D:7      | Reached * piety under Okawaru
  6028 | D:7      | Reached skill level 5 in Armour
  6496 | D:7      | Reached skill level 5 in Spellcasting
  6689 | D:8      | Noticed Pikel
  6702 | D:8      | Killed Pikel
  6702 | D:8      | Reached ** piety under Okawaru
  6703 | D:8      | Reached skill level 5 in Polearms
  6703 | D:8      | Reached skill level 8 in Conjurations
  6742 | D:8      | Found a glowing golden altar of the Shining One.
  6973 | D:8      | Reached XP level 10. HP: 60/60 MP: 18/18
  7006 | D:8      | Paralysed by a hornet for 3 turns
  7231 | D:8      | Found a shadowy altar of Dithmenos.
  7255 | D:8      | Paralysed by a hornet for 1 turns
  7257 | D:8      | HP: 3/60 [poisoned by a hornet]
  7258 | D:8      | Killed by miscasting Flame Wave

Illustrated notes

Levels and vault maps discovered:
D:1:      dpeg_arrival_erosion, layout_basic
D:2:      layout_basic
D:3:      layout_basic, nicolae_overflow_squiral, st_stairs_9,
          grunt_ministairs_5, uniq_terence, uniq_natasha
D:4:      layout_basic, kennysheep_boxes
D:5:      layout_cave_pools, lightli_ossuary_entry_decrepit_ruins,
          chequers_serial_rivers_micro_a, minmay_manual_moon, uniq_duvessa
D:6:      layout_cave_pools, minmay_temple_entry_trees, serial_shops,
          nicolae_take_the_stairs, uniq_menkaure
D:7:      layout_cave_pools, mainiacjoe_overflow_tiny_flanked, item_on_display_a
D:8:      layout_gridville, grunt_dithmenos_smoke_and_mirrors,
          amcnicky_altar_gilded, dpeg_oklobed_lair, uniq_gastronok, uniq_pikel
Temple:   nicolae_temple_superstar

Skill      XL: |  1  2  3  4  5  6  7  8  9 |
---------------+----------------------------+-----
Armour         | 1 2 3 4 5 |  5.8
Short Blades   | 1 2 3 |  3.9
Dodging        | 3 4 5 7 |  7.7
Fighting       | 3 4 5 |  5.9
Conjurations   | 5 6 7 8 |  8.4
Spellcasting   | 3 4 5 |  5.4
Fire Magic     | 1 3 |  3.8
Polearms       | 4 5 |  5.4

Action                     |  1- 3 |  4- 6 |  7- 9 | 10-12 || total
---------------------------+-------+-------+-------+-------++-------
  Melee: Spear             |     7 |       |       |       ||     7
         Dagger            |    65 |    87 |   102 |       ||   254
         Kick              |    20 |    30 |    92 |     2 ||   144
         Peck              |     7 |    13 |    55 |     3 ||    78
         Punch             |     1 |     1 |     6 |       ||     8
         Trident           |       |       |   164 |    15 ||   179
   Cast: Momentum Strike   |       |       |     1 |     2 ||     3
         Slow              |       |       |     1 |       ||     1
         Hailstorm         |       |       |     1 |       ||     1
         Flame Wave        |       |       |     1 |       ||     1
  Evoke: Wand              |       |       |    33 |     2 ||    35
    Use: Scroll            |       |     9 |     5 |     2 ||    16
         Potion            |       |     5 |     3 |     3 ||    11
   Stab: Sleeping          |     1 |       |       |       ||     1
 Armour: Leather armour    |    16 |       |       |       ||    16
         Robe              |       |    19 |    71 |     4 ||    94
         Scale mail        |       |     1 |       |       ||     1
  Dodge: Dodged            |    49 |    53 |   195 |    15 ||   312
  Block: Other             |       |     5 |    54 |       ||    59
         Reflection        |       |       |     3 |       ||     3
         Kite shield       |       |       |    16 |    20 ||    36

Table legend: (Time is in decaauts)
 A = Elapsed time spent in this place.
 B = Non-inter-level travel time spent in this place.
 C = Inter-level travel time spent in this place.
 D = Time resting spent in this place.
 E = Time spent auto-exploring this place.
 F = Levels seen in this place.
 G = Mean time per level.
                   A        B        C        D        E       F      G
               +--------+--------+--------+--------+--------+-----+--------+
         Total |   6933 |   6379 |    554 |   1541 |   3132 |   9 |  770.3 |
       Dungeon |   6852 |   6309 |    543 |   1541 |   3084 |   8 |  856.5 |
        Temple |     81 |     71 |     10 |      0 |     48 |   1 |   81.0 |
               +--------+--------+--------+--------+--------+-----+--------+

Top non-repeatable levels by time:
     D:4: 1247 daAuts
     D:6: 1053 daAuts
     D:3: 1013 daAuts
     D:5: 967 daAuts
     D:7: 900 daAuts
     D:1: 758 daAuts
     D:2: 470 daAuts
     D:8: 442 daAuts
  Temple: 81 daAuts
